 Dungeon Crawl Stone Soup version 0.22-a0-271-gc000056 (console) character file.

40666 Duffy the Blocker (level 14, 77/77 HPs)
             Began as a Vine Stalker Wanderer on Mar 13, 2018.
             Was an Initiate of Gozag.
             Quit the game on level 5 of the Lair of Beasts.
             The game lasted 00:27:40 (14771 turns).

Duffy the Blocker (Vine Stalker Wanderer)          Turns: 14771, Time: 00:27:41

Health: 77/77      AC: 19    Str: 20    XL:     14   Next: 12%
Magic:  21/21      EV: 14    Int: 12    God:    Gozag
Gold:   4460       SH: 13    Dex: 19    Spells: 5/15 levels left

rFire    + + .     SeeInvis .   a - +3 broad axe (flame)
rCold    + . .     Gourm    .   L - +0 shield
rNeg     . . .     Faith    .   H - +1 chain mail {rF+}
rPois    +         Spirit   +   P - +1 helmet
rElec    +         Reflect  .   h - +2 cloak
rCorr    +         Harm     .   D - +0 pair of gloves (curse)
MR       +....                  q - +0 pair of boots
Stlth    +.........             I - amulet of the acrobat
HPRegen  1.02/turn              u - +2 ring of evasion
MPRegen  0.17/turn              G - ring of stealth

@: agile, resistant, very slightly contaminated, invisible
A: fangs 3, regeneration 2, magic shield, antimagic bite, no potion heal 3, rot
immunity
a: Potion Petition, Call Merchant, Bribe Branch, Renounce Religion


You were on level 5 of the Lair of Beasts.
You worshipped Gozag.
Gozag was most pleased with you.
You were not hungry.

You visited 2 branches of the dungeon, and saw 16 of its levels.

You collected 4498 gold pieces.
You paid 38 gold pieces to Gozag.

Inventory:

Hand Weapons
 a - a +3 broad axe of flaming (weapon)
Missiles
 s - 3 throwing nets (quivered)
Armour
 h - a +2 cloak (worn)
 q - a +0 pair of boots (worn)
 D - a cursed +0 pair of gloves (worn)
 F - a +0 plate armour
 H - a +1 chain mail of fire resistance (worn)
 L - a +0 shield (worn)
 P - a +1 helmet (worn)
Jewellery
 e - an uncursed ring of ice
 u - a +2 ring of evasion (left hand)
 G - a ring of stealth (right hand)
 I - an amulet of the acrobat (around neck)
 O - an uncursed ring of ice
Wands
 c - a wand of random effects (70)
 k - a wand of flame (45)
 m - a wand of digging (16)
 o - a wand of paralysis (19)
 p - a wand of iceblast (18)
 y - a wand of acid (9)
 B - a wand of disintegration (20)
 S - a wand of enslavement (5)
 T - a wand of polymorph (18)
Scrolls
 g - a scroll of fear
 i - 8 scrolls of remove curse
 l - a scroll of blinking
 r - 3 scrolls of magic mapping
 w - a scroll of vulnerability
 x - 5 scrolls of teleportation
 z - 2 scrolls of immolation
 A - 2 scrolls of enchant armour
 M - a scroll of holy word
Potions
 j - 2 potions of curing
 t - a potion of haste
 v - 4 potions of ambrosia
 C - 4 potions of flight
 E - 2 potions of mutation
 J - 2 potions of brilliance
 K - 2 potions of agility
 Q - a potion of magic
Miscellaneous
 d - a phantom mirror
 N - a phial of floods
Comestibles
 f - 10 rations


   Skills:
 - Level 10.6 Fighting
   Level 2.6 Short Blades
 + Level 10.3 Axes
 - Level 7.1 Armour
 - Level 1.2 Stealth
 + Level 12.3 Shields
 - Level 1.1 Spellcasting
 - Level 1.0 Charms
 - Level 1.0 Necromancy
 - Level 8.0 Evocations


You had 5 spell levels left.
You knew the following spells:

 Your Spells              Type           Power        Failure   Level  Hunger
a - Apportation           Tloc           #.....       98%         1    ##.....
b - Swiftness             Chrm/Air       #.......     99%         2    ###....
c - Passwall              Tmut/Erth      #.........   99%         2    ###....
d - Blink                 Tloc           N/A          99%         2    ###....
r - Regeneration          Chrm/Necr      #.........   100%        3    ####...


Dungeon Overview and Level Annotations

Branches:
Dungeon (11/15)            Temple (0/1) D:4            Lair (5/6) D:10
 Shoals (0/4) Lair:4       Spider (0/4) Lair:3          Orc (0/2) D:11
  Slime: Lair:5-6

Altars:
Ashenzari
Dithmenos
Gozag
Hepliaklqana
Kikubaaqudgha
Makhleb
Nemelex Xobeh
Okawaru
Ru
Sif Muna
Trog
Yredelemnul

Annotations:
D:3 exclusion: orc wizard


Innate Abilities, Weirdness & Mutations

You have razor-sharp teeth.
You heal very quickly.
When hurt, damage is shared between your health and your magic reserves.
Your bite disrupts and absorbs the magic of your enemies.
Potions cannot restore your health.
You are immune to rotting.


Message History

No target in view!
You now have 4434 gold pieces (gained 5).
You now have 4459 gold pieces (gained 25).
You now have 4460 gold pieces (gained 1).
o - a wand of paralysis (19) (gained 13 charges)
K - 2 potions of agility (gained 1)
You found an alarm trap!
Found a stone staircase leading down.
You pick up a book of the Sky and begin reading...
You add the spells Summon Lightning Spire, Conjure Ball Lightning and Tornado to your library.
Okay, then. [a] - 0 gold - resistance, invisibility and agility [b] - 0 gold - haste, agility and flight [c] - 0 gold - might, agility, haste and brilliance Purchase which effect?
You feel protected.
You fade into invisibility!
You feel agile all of a sudden.
You are very lightly contaminated with residual magic.
Okay, then.
Unknown command.
Are you sure you want to abandon this character and quit the game? (Confirm with "yes".)

####.......
####.##.......
###P............
#...............
####...............
#P.................
##.................
##.........#...#..
#@.............##.
###...............
#..........P..#.
##.........P.#..
.......##......
......##.#.#..
..............
......(.....
.....#P..##..P


There were no monsters in sight!

Vanquished Creatures
  Kirke (Lair:4)
  Nessos (Lair:4)
  Fannar (Lair:1)
  A hydra (Lair:5)
  The ghost of grindst0ne the Archer, a novice CeHu of Makhleb (D:9)
  4 two-headed ogres
  3 death yaks (D:10)
  Urug (Lair:4)
  Sonja (Lair:4)
  An unseen horror (D:11)
  A wolf spider zombie (D:11)
  2 ugly things (D:11)
  A manticore (Lair:4)
  Maurice (D:10)
  10 elephants
  5 black mambas
  A torpor snail (Lair:4)
  2 rime drakes
  8 spiny frogs
  4 komodo dragons
  A jumping spider (Lair:3)
  2 trolls
  7 hippogriffs
  5 blink frogs (Lair:5)
  4 wyverns
  3 wraiths (D:10)
  A redback (Lair:3)
  37 yaks
  3 hogs (Lair:4)
  2 hungry ghosts
  3 basilisks
  Menkaure (D:7)
  A warg (D:11)
  5 water moccasins
  6 porcupines
  3 sky beasts
  4 orc warriors
  An ice beast (D:5)
  2 black bears
  A necrophage (D:9)
  8 ogres
  3 wolves (Lair:4)
  2 phantoms
  4 centaurs
  7 crocodiles
  4 big kobolds
  12 bullfrogs
  A water moccasin zombie (D:9)
  A wyvern skeleton (D:11)
  3 scorpions
  8 killer bees
  4 howler monkeys
  3 crimson imps
  3 bullfrog zombies
  5 jellies
  5 hounds
  12 orc wizards
  4 centaur skeletons
  A gnoll shaman (D:9)
  11 orc priests
  14 hell rats
  4 iguanas
  8 worker ants
  2 hound zombies
  7 gnolls
  A howler monkey skeleton (D:11)
  11 adders
  A shadow imp (D:9)
  2 oozes (D:1)
  2 adder skeletons
  An adder zombie (D:7)
  A worm (D:4)
  5 dart slugs
  3 leopard geckos
  57 orcs
  3 ball pythons
  8 bats
  9 giant cockroaches
  15 goblins
  13 hobgoblins
  6 jackals
  10 quokkas
  8 frilled lizards
  A jackal skeleton (D:6)
  21 kobolds
  3 quokka skeletons
  7 rats
  3 fungi
  3 plants
472 creatures vanquished.

Vanquished Creatures (others)
  An orc wizard (D:11)
  A bush (Lair:4)
  14 fungi (Lair:4)
  13 plants
29 creatures vanquished.

Grand Total: 501 creatures vanquished

Notes
Turn   | Place    | Note
-------+----------+-------------------------------------------
     0 | D:1      | Duffy the Vine Stalker Wanderer began the quest for the Orb.
     0 | D:1      | Duffy set off with: a +0 short sword, a wand of random effects (15), a +0 robe, a ration
     0 | D:1      | Reached XP level 1. HP: 10/10 MP: 3/3
   289 | D:1      | Reached XP level 2. HP: 14/15 MP: 2/4
   699 | D:1      | Reached XP level 3. HP: 14/19 MP: 2/5
   704 | D:1      | Learned a level 3 spell: Regeneration
  1123 | D:2      | Gained mutation: Your natural rate of healing is unusually fast. [Vine Stalker growth]
  1123 | D:2      | Reached XP level 4. HP: 16/25 MP: 6/6
  1302 | D:2      | Reached XP level 5. HP: 29/29 MP: 7/7
  1848 | D:3      | Found a bloodstained altar of Trog.
  1876 | D:3      | Found an ancient bone altar of Kikubaaqudgha.
  1878 | D:3      | Found an opulent altar of Gozag.
  1878 | D:3      | Found a hazy altar of Hepliaklqana.
  1879 | D:3      | Found a shadowy altar of Dithmenos.
  1879 | D:3      | Found a sparkling altar of Nemelex Xobeh.
  1969 | D:3      | Became a worshipper of Gozag Ym Sagoz the Greedy
  2136 | D:3      | Reached skill level 1 in Armour
  2488 | D:3      | Found a shattered altar of Ashenzari.
  2796 | D:4      | Reached XP level 6. HP: 35/35 MP: 8/8
  2808 | D:4      | Reached skill level 5 in Fighting
  3124 | D:3      | Reached XP level 7. HP: 30/39 MP: 9/9
  3476 | D:4      | Found a staircase to the Ecumenical Temple.
  3938 | D:4      | Found an iron altar of Okawaru.
  4197 | D:5      | Entered Level 5 of the Dungeon
  4239 | D:5      | Found a basalt altar of Yredelemnul.
  4283 | D:5      | Gained mutation: You have razor-sharp teeth. [Vine Stalker growth]
  4283 | D:5      | Reached XP level 8. HP: 23/45 MP: 6/10
  4511 | D:5      | Learned a level 1 spell: Apportation
  4648 | D:5      | Found a burning altar of Makhleb.
  4650 | D:5      | Noticed a cacodemon
  5602 | D:6      | Found a sacrificial altar of Ru.
  5621 | D:6      | Reached XP level 9. HP: 24/51 MP: 6/12
  6010 | D:7      | Noticed Menkaure
  6320 | D:7      | Reached skill level 5 in Evocations
  6431 | D:7      | Killed Menkaure
  6757 | D:8      | Noticed a two-headed ogre
  6766 | D:8      | Killed a two-headed ogre
  6766 | D:8      | Reached XP level 10. HP: 58/58 MP: 14/16
  7077 | D:8      | Noticed a two-headed ogre
  7096 | D:8      | Killed a two-headed ogre
  7096 | D:8      | Reached skill level 10 in Fighting
  7693 | D:9      | Reached skill level 2 in Shields
  7753 | D:9      | Noticed grindst0ne's ghost (novice CeHu)
  7830 | D:9      | Killed grindst0ne's ghost
  7830 | D:9      | Reached skill level 3 in Shields
  7844 | D:9      | Reached skill level 5 in Armour
  7923 | D:9      | Noticed a two-headed ogre
  7929 | D:9      | Killed a two-headed ogre
  7929 | D:9      | Reached skill level 4 in Shields
  7929 | D:9      | Reached XP level 11. HP: 64/64 MP: 18/18
  8290 | D:9      | Found a deep blue altar of Sif Muna.
  8325 | D:9      | Reached skill level 5 in Shields
  8636 | D:10     | Entered Level 10 of the Dungeon
  8807 | D:10     | Reached skill level 1 in Axes
  8895 | D:10     | Found the +5 scythe "Finisher" {speed, Str+3}
  8964 | D:10     | Noticed Maurice
  8976 | D:10     | Killed Maurice
  8976 | D:10     | Reached skill level 6 in Shields
  9113 | D:10     | Noticed a death yak
  9139 | D:10     | Killed a death yak
  9262 | D:10     | Found a staircase to the Lair.
  9265 | D:10     | Noticed a death yak
  9266 | D:10     | Noticed a death yak
  9296 | D:10     | Killed a death yak
  9300 | D:10     | Killed a death yak
  9300 | D:10     | Reached skill level 7 in Shields
  9732 | D:11     | Noticed a cyan ugly thing
  9743 | D:11     | Killed a cyan ugly thing
  9795 | D:11     | Noticed a two-headed ogre
  9805 | D:11     | Killed a two-headed ogre
  9805 | D:11     | Gained mutation: You heal very quickly. [Vine Stalker growth]
  9805 | D:11     | Reached XP level 12. HP: 69/69 MP: 19/19
  9981 | D:11     | Reached skill level 8 in Shields
 10058 | D:11     | Found a staircase to the Orcish Mines.
 10637 | Lair:1   | Entered Level 1 of the Lair of Beasts
 10740 | Lair:1   | Noticed Fannar
 10855 | Lair:1   | Killed Fannar
 10855 | Lair:1   | Reached skill level 5 in Axes
 10902 | Lair:1   | Reached skill level 9 in Shields
 11111 | Lair:1   | You fall through a shaft!
 11178 | Lair:2   | Reached skill level 10 in Shields
 11436 | Lair:1   | Reached XP level 13. HP: 72/72 MP: 20/20
 12082 | Lair:2   | Learned a level 2 spell: Swiftness
 12085 | Lair:2   | Learned a level 2 spell: Passwall
 12088 | Lair:2   | Learned a level 2 spell: Blink
 12592 | Lair:3   | Found a hole to the Spider Nest.
 13070 | Lair:4   | Found a staircase to the Shoals.
 13136 | Lair:4   | Reached skill level 11 in Shields
 13223 | Lair:4   | Noticed Nessos
 13234 | Lair:4   | Killed Nessos
 13588 | Lair:4   | Noticed Urug
 13623 | Lair:4   | Killed Urug
 13846 | Lair:4   | Noticed Sonja
 13862 | Lair:4   | Killed Sonja
 14407 | Lair:5   | Noticed Kirke
 14486 | Lair:4   | Killed Kirke
 14486 | Lair:4   | Reached skill level 10 in Axes
 14486 | Lair:4   | Reached skill level 12 in Shields
 14486 | Lair:4   | Reached XP level 14. HP: 69/77 MP: 16/21
 14771 | Lair:5   | Quit the game

Vault maps used:
D:1:      dpeg_chamrin_arrival_tetris
D:2:      first_ration
D:3:      grunt_temple_overflow_open, evilmike_ruin_ashenzari,
          old_standard_altar, tgw_sif
D:4:      lemuel_coloured_pillars_altar, minmay_temple_entry_mist,
          eino_tiny_chamber
D:5:      makhleb_altar_promises_db, yredelemnul_altar_generic
D:6:      nicolae_ru_sacrificial_ziggurat, lexackson_kobold_supper
D:7:      uniq_menkaure
D:8:      blue_anna_alchemist
D:9:      kennysheep_mini
D:10:     dpeg_lair_monsters, minmay_guarded_unrand_finisher, uniq_maurice
D:11:     erik_orc_4
Lair:1:   serial_bayou_lagoon_a, cheibrodos_lair_reptile_den, uniq_fannar
Lair:2:   st_stairs_8
Lair:3:   spider_nest_entry_funnel_web
Lair:4:   minmay_shoals_entry_beasts, uniq_sonja, uniq_urug, uniq_nessos
Lair:5:   wad_woods_antlair, uniq_kirke

Skill      XL: |  1  2  3  4  5  6  7  8  9 10 11 12 13 |
---------------+----------------------------------------+-----
Fighting       | 2 3 4 5 6 7 9 10 | 10.6
Armour         | 1 2 4 5 6 7 |  7.1
Evocations     | 3 6 8 |  8.0
Shields        | 4 7 10 12 | 12.3
Axes           | 3 7 10 | 10.3
Short Blades   | |  2.6
Stealth        | |  1.2
Spellcasting   | |  1.1
Charms         | |  1.0
Necromancy     | |  1.0

Action                   |  1- 3 |  4- 6 |  7- 9 | 10-12 | 13-15 || total
-------------------------+-------+-------+-------+-------+-------++-------
Melee: Short sword       |    99 |       |       |       |       ||    99
       Bite              |    24 |    54 |   147 |   239 |   117 ||   581
       Dagger            |     7 |   194 |   366 |   241 |       ||   808
       Flail             |       |       |    30 |    50 |       ||    80
       Broad axe         |       |       |       |   364 |   337 ||   701
Invok: Potion Petition   |       |       |       |       |     1 ||     1
Evoke: Wand              |       |       |     6 |    27 |     2 ||    35
  Use: Scroll            |       |     4 |     5 |    17 |     6 ||    32
       Potion            |       |       |       |     3 |     1 ||     4
 Stab: Sleeping          |     2 |       |       |       |       ||     2
       Distracted        |       |       |     2 |     4 |     2 ||     8
       Paralysed         |       |       |     6 |    26 |     8 ||    40
  Eat: Chunk             |     1 |     3 |       |       |       ||     4
       Ration            |       |     3 |     2 |     7 |     3 ||    15
Armor: Leather armour    |    10 |       |       |       |       ||    10
       Ring mail         |    44 |    28 |       |       |       ||    72
       Scale mail        |       |    62 |    25 |       |       ||    87
       Chain mail        |       |       |   130 |   424 |   205 ||   759
Dodge: Dodged            |    72 |   102 |   123 |   189 |   145 ||   631
Block: Shield            |       |       |       |   361 |   274 ||   635

Table legend:
 A = Spawn XP
 B = Non-spawn XP
 C = Spawn XP percentage of total XP
 D = Spawn monster count
 E = Non-spawn monster count
 F = Spawn count percentage of total count
 G = Total turns spent on level
                    A         B        C        D         E        F      G
               +---------+---------+-------+---------+---------+-------+---------
         Total |       0 |   58095 |   0.0 |       0 |     467 |   0.0 | 14771
               +---------+---------+-------+---------+---------+-------+---------
           D:1 |       0 |      64 |   0.0 |       0 |      28 |   0.0 |  1206
           D:2 |       0 |     130 |   0.0 |       0 |      29 |   0.0 |   581
           D:3 |       0 |     230 |   0.0 |       0 |      38 |   0.0 |  1193
           D:4 |       0 |     703 |   0.0 |       0 |      24 |   0.0 |  1217
           D:5 |       0 |     613 |   0.0 |       0 |      17 |   0.0 |   934
           D:6 |       0 |    1035 |   0.0 |       0 |      33 |   0.0 |   956
           D:7 |       0 |     784 |   0.0 |       0 |      23 |   0.0 |   582
           D:8 |       0 |    3216 |   0.0 |       0 |      23 |   0.0 |   936
           D:9 |       0 |    3936 |   0.0 |       0 |      42 |   0.0 |  1031
          D:10 |       0 |    6819 |   0.0 |       0 |      33 |   0.0 |  1037
          D:11 |       0 |    5763 |   0.0 |       0 |      51 |   0.0 |  1008
        Lair:1 |       0 |    3414 |   0.0 |       0 |      11 |   0.0 |   890
        Lair:2 |       0 |    8895 |   0.0 |       0 |      41 |   0.0 |   688
        Lair:3 |       0 |    3029 |   0.0 |       0 |      12 |   0.0 |   810
        Lair:4 |       0 |   16779 |   0.0 |       0 |      53 |   0.0 |  1423
        Lair:5 |       0 |    2685 |   0.0 |       0 |       9 |   0.0 |   279
               +---------+---------+-------+---------+---------+-------+---------
